cohdb
Replays
Latest Replays
All Replays
Popular Replays
Top Player Replays
Match Explorer
How It Works
Community
CoH3 Stats
Reddit
Sign in to upload your games and track your stats! →
Sign in with Steam
Match 45832293
Unlisted
Match 45832293
Overview
Messages
Build Orders
End
Selects Armored Battlegroup
Construct Barracks
Selects Veteran Crews
1⁄4-ton 4x4 Truck
Riflemen Squad
Riflemen Squad
Riflemen Squad
Grenade Package
Infantry Support Center
Engineer Squad
Construct Motor Pool
M8 Greyhound Armored Car
Construct Medical Station
M1 Anti-tank Gun Team
Selects Fast Deploy
Selects M8 Scott SPG
Construct Tank Depot
Selects M4A3E8 Sherman Combat Group
M4A3E8 Sherman Combat Group
M4A1 Sherman Medium Tank
M4A1 Sherman Medium Tank
Riflemen Squad
M1918 Browning Automatic Rifles
BIOHAZARD
Sauzer88
mr_ako
JaegerMeisteR
0
0
Comments
sign in to comment!
No comments posted yet!